Map: Acropolis LE

Players

TLO - Winner!

  • Race: Zerg Zerg
  • Spawn Location: 5:00

PtitDrogo

  • Race: Protoss Protoss
  • Spawn Location: 11:00

Event: 2019 WCS Summer

VOD

Have the link to the VOD?

Description

Time

  • Played on: July 12, 2019, 10:54 a.m.
  • Length: 10:46

All games in this series

Show
View Real Time Build Order
Export as new Build Order

TLO Zerg - Winner!

Build Orders: Hatch First 

Get SALT Encoding   

  12  0:00  Drone  
  13  0:13  Overlord  
  13  0:16  Drone  
  14  0:31  Drone x2  
  16  0:47  Hatchery  
  15  0:51  Drone  
  15  0:55  Drone  
  17  0:58  Drone  
  18  1:06  Extractor  
  17  1:13  Spawning Pool  
  17  1:15  Drone  
  17  1:19  Drone  
  18  1:29  Drone  
  19  1:41  Drone  
  20  1:52  Drone  
  21  2:00  Queen x2  
  25  2:01  Zergling x2  
  25  2:03  Overlord  
  26  2:10  Drone  
  26  2:14  Drone  
  28  2:18  Metabolic Boost  
  28  2:22  Drone x2  
  30  2:38  Hatchery  
  30  2:43  Zergling x4  
  31  2:48  Overlord  
  31  2:51  Drone  
  32  2:54  Drone  
  33  2:59  Overlord  
  33  3:04  Drone  
  33  3:05  Drone  
  35  3:10  Drone  
  35  3:11  Drone x2  
  38  3:13  Queen  
  38  3:18  Drone x2  
  42  3:25  Drone  
  42  3:27  Spore Crawler x2  
  42  3:33  Overlord  
  41  3:36  Zergling x2  
  42  3:41  Drone  
  42  3:44  Drone x2  
  42  3:46  Drone  
  42  3:47  Drone  
  47  3:49  Lair  
  47  3:54  Drone  
  48  3:58  Drone  
  48  3:59  Drone  
  48  4:00  Extractor  
  48  4:03  Drone  
  48  4:05  Spore Crawler  
  48  4:06  Roach Warren  
  48  4:07  Drone x2  
  49  4:12  Drone  
  49  4:14  Drone  
  49  4:16  Queen  
  53  4:17  Drone  
  53  4:19  Drone  
  53  4:22  Overlord  
  56  4:24  Drone  
  56  4:28  Zergling x2  
  56  4:31  Extractor  
  56  4:33  Drone  
  56  4:34  Drone  
  56  4:35  Drone x2  
  56  4:36  Drone  
  56  4:37  Drone  
  58  4:40  Drone  
  58  4:41  Drone  
  58  4:44  Drone  
  62  4:45  Drone  
  62  4:47  Drone, Evolution Chamber  
  62  4:48  Drone  
  62  4:51  Glial Reconstitution  
  62  4:56  Drone  
  62  4:57  Drone  
  62  4:58  Drone  
  64  5:00  Overlord  
  64  5:02  Drone  
  64  5:05  Roach  
  64  5:06  Roach  
  69  5:11  Roach  
  69  5:13  Zerg Missile Weapons Level 1  
  69  5:14  Roach  
  73  5:17  Overlord x2  
  73  5:22  Roach  
  73  5:30  Drone  
  73  5:33  Overseer, Drone, Extractor, Nydus Network  
  73  5:36  Drone x2  
  73  5:37  Drone  
  73  5:38  Drone x2  
  73  5:39  Drone  
  73  5:40  Extractor  
  73  5:41  Roach x2  
  82  5:43  Drone  
  82  5:44  Drone  
  82  5:46  Drone x2  
  82  5:47  Extractor  
  86  5:51  Drone, Spire  
  86  5:52  Roach  
  86  5:54  Drone  
  86  5:55  Roach  
  91  5:59  Roach  
  91  6:03  Roach  
  95  6:04  Overlord  
  95  6:06  Overlord  
  95  6:07  Roach  
  95  6:08  Overlord x2  
  97  6:16  Overlord  
  97  6:21  Overlord  
  97  6:22  Roach, Overlord  
  97  6:23  Overlord, Roach  
  101  6:26  Drone  
  101  6:28  Roach  
  104  6:35  Drone, Hatchery, Roach  
  104  6:37  Roach  
  104  6:38  Roach  
  109  6:46  Roach x3  
  109  6:47  Roach x2  
  119  6:52  Roach x3  
  125  6:55  Overlord  
  125  6:56  Roach  
  127  7:08  Ravager x4  
  129  7:10  Roach x2  
  133  7:17  Roach  
  133  7:19  Roach x2  
  133  7:22  Roach x2  
  138  7:25  Roach  
  138  7:28  Roach  
  138  7:29  Roach  
  134  7:30  Roach x2  
  134  7:33  Roach  
  134  7:35  Roach x2  
  134  7:36  Roach  
  121  7:37  Roach x2  
  121  7:41  Roach  
  121  7:42  Roach  
  121  7:43  Roach  
  115  7:45  Roach  
  115  7:46  Roach  
  115  7:48  Drone, Roach  
  115  7:50  Drone  
  108  7:54  Queen x2  
  108  7:56  Drone, Overseer  
  108  7:58  Drone  
  112  7:59  Drone  
  112  8:00  Drone  
  112  8:02  Zerg Flyer Weapons Level 1  
  112  8:04  Drone  
  112  8:05  Drone  
  116  8:06  Drone  
  116  8:11  Pneumatized Carapace  
  117  8:13  Drone  
  117  8:16  Roach  
  117  8:19  Roach x3  
  126  8:21  Roach  
  126  8:22  Roach  
  126  8:24  Roach  
  126  8:28  Roach  
  126  8:29  Roach  
  126  8:30  Roach  
  126  8:32  Roach  
  126  8:34  Roach  
  126  8:42  Mutalisk x2  
  126  8:43  Mutalisk  
  126  8:44  Mutalisk  
  126  8:47  Mutalisk x2  
  135  8:52  Mutalisk  
  135  8:55  Roach x2  
  134  8:56  Drone  
  134  8:57  Drone x2  
  134  9:01  Drone  
  134  9:02  Drone  
  129  9:05  Queen  
  129  9:11  Mutalisk x2  
  129  9:16  Mutalisk  
  133  9:19  Queen  
  133  9:20  Overlord x3  
  133  9:22  Extractor  
  133  9:23  Extractor  
  135  9:29  Mutalisk x2  
  139  9:32  Drone x6  
  145  9:41  Roach  
  145  9:42  Roach x2  
  145  9:45  Ravager  
  152  9:49  Overlord  
  152  9:50  Hydralisk Den  
  151  9:55  Roach  
  151  9:58  Roach  
  153  10:00  Roach  
  153  10:01  Roach x2  
  153  10:06  Roach  
  153  10:07  Roach x3  
  163  10:10  Roach  
  163  10:11  Spore Crawler  
  163  10:12  Roach  
  166  10:15  Roach  
  166  10:19  Roach  
  188  10:41  Infestation Pit  
Show
View Real Time Build Order
Export as new Build Order

PtitDrogo Protoss 

Build Orders: 1 Gate Expand, Oracle Opening, Archon Immortal 

Get SALT Encoding   

  12  0:00  Probe  
  13  0:12  Probe  
  14  0:19  Pylon  
  14  0:25  Probe  
  15  0:33  Probe  
  15  0:41  Probe, Gateway  
  16  0:46  Assimilator  
  17  0:51  Probe  
  18  1:03  Probe  
  19  1:15  Probe  
  20  1:26  Nexus  
  20  1:36  Cybernetics Core  
  20  1:39  Probe  
  21  1:45  Assimilator  
  21  1:52  Pylon  
  21  1:54  Probe  
  22  2:02  Adept  
  22  2:06  Probe  
  25  2:16  Stargate  
  25  2:18  Probe  
  26  2:30  Probe  
  26  2:32  Stalker  
  26  2:34  Probe, Warp Gate  
  29  2:38  Probe  
  29  2:42  Probe  
  31  2:46  Probe  
  33  2:52  Probe  
  33  2:53  Oracle  
  33  2:58  Probe  
  35  3:04  Probe  
  39  3:07  Pylon  
  39  3:12  Probe  
  40  3:19  Probe  
  41  3:23  Assimilator  
  41  3:24  Probe  
  41  3:25  Assimilator  
  42  3:28  Oracle  
  42  3:30  Gateway  
  42  3:31  Pylon  
  42  3:32  Probe  
  43  3:39  Probe  
  47  3:45  Probe  
  48  3:51  Probe  
  49  3:57  Probe, Robotics Facility, Oracle  
  50  4:03  Probe  
  55  4:10  Probe  
  55  4:13  Pylon  
  55  4:15  Probe  
  56  4:22  Probe  
  56  4:23  Pylon  
  57  4:24  Zealot  
  57  4:26  Zealot  
  57  4:27  Probe  
  62  4:41  Probe x2, Immortal  
  61  4:45  Twilight Council  
  61  4:48  Forge  
  64  5:03  Nexus  
  64  5:05  Pylon  
  64  5:08  Gateway  
  64  5:09  Sentry x2  
  68  5:14  Gateway  
  68  5:19  Immortal  
  68  5:21  Charge, Pylon  
  65  5:29  Probe, Protoss Ground Weapons Level 1  
  70  5:36  Sentry  
  70  5:38  Sentry  
  70  5:41  Probe x2  
  76  5:53  Probe x2  
  76  5:55  Gateway x2, Warp Prism  
  78  5:57  Shield Battery  
  78  6:07  Stalker  
  78  6:09  Stalker  
  84  6:15  Probe x2  
  86  6:20  Sentry x2  
  86  6:21  Probe  
  86  6:23  Pylon  
  91  6:26  Assimilator  
  91  6:28  Assimilator  
  91  6:30  Probe x2  
  93  6:33  Pylon  
  93  6:34  Probe  
  94  6:41  Observer  
  94  6:42  Probe  
  94  6:43  Probe  
  94  6:47  Probe  
  98  6:52  Stalker  
  98  6:53  Stalker x4  
  108  6:54  Stalker  
  108  7:00  Probe x2  
  112  7:03  Pylon  
  112  7:09  Probe  
  112  7:10  Pylon  
  112  7:16  Zealot x5  
  112  7:22  Stalker  
  104  7:38  Immortal  
  104  7:42  Zealot x4  
  104  7:43  Zealot  
  98  7:45  Probe  
  83  7:51  Probe x2  
  83  7:55  Robotics Facility  
  83  7:57  Probe  
  83  7:58  Zealot x5  
  81  8:02  Photon Cannon, Protoss Ground Weapons Level 2  
  81  8:04  Photon Cannon  
  81  8:05  Gateway  
  85  8:08  Gateway  
  85  8:14  Sentry  
  85  8:20  Stalker x3, Zealot x2  
  93  8:27  Void Ray  
  89  8:37  Sentry  
  89  8:45  Zealot x5  
  95  8:54  Immortal  
  91  8:56  Robotics Facility  
  89  9:03  Templar Archives  
  89  9:08  Zealot x6  
  89  9:09  Zealot  
  103  9:11  Sentry  
  103  9:21  Phoenix  
  105  9:32  Pylon  
  105  9:35  Nexus  
  105  9:40  High Templar x3, Phoenix  
  105  9:41  High Templar  
  117  9:47  Archon x2  
  117  9:55  Probe  
  117  9:56  Probe  
  117  9:57  Pylon  
  113  10:07  Stargate  
  111  10:08  Shield Battery, Stargate  
  111  10:10  Photon Cannon, Shield Battery  
  111  10:12  Photon Cannon  
  111  10:17  Stalker  
  111  10:21  Stalker x3  
  108  10:34  Probe  
  93  10:38  Zealot  
  93  10:39  Zealot x3  
Tags
 
Add a new tag
Caveats
  • Supply blocks, unpowered buildings, or Contaminate may cause inaccurate times.
  • Supply counts are checked every 10 seconds.